 Dungeon Crawl Stone Soup version 0.30-a0-377-g5cb311bc9f (webtiles) character file.

Game seed: 16877385833351461942

70 tio the Grave Robber (level 4, 0/30 HPs)
             Began as a Demonspawn Necromancer on Nov 29, 2022.
             Slain by a gnoll
             ... wielding a +0 whip
              (2 damage)
             ... while paralysed by Grinder
             ... on level 3 of the Dungeon.
             The game lasted 00:10:53 (1419 turns).

tio the Grave Robber (Demonspawn Necromancer)       Turns: 1419, Time: 00:10:54

Health: 0/30       AC:  5    Str:  7 (8)  XL:     4   Next: 3%
Magic:  5/7        EV:  2    Int: 18 (19) God:
Gold:   127        SH:  0    Dex: 11 (13) Spells: 6/7 levels left

rFire   + + .      SeeInvis .    p - +9 dagger "Jaurph" {drain, rF++ rCorr}
rCold   . . .      Faith    .    (no shield)
rNeg    . . .      Spirit   .    a - +0 robe
rPois   .          Reflect  .    (no helmet)
rElec   .          Harm     .    o - +0 cloak
rCorr   +          Rampage  .    e - +1 pair of gloves
Will    .....                    (no boots)
Stlth   ++........               (no amulet)
HPRegen 0.25/turn                (no ring)
MPRegen 0.10/turn                (no ring)

@: paralysed
A: powered by death 1, deformed body, screaming 1, shaggy fur 1
a: no special abilities


You were on level 3 of the Dungeon.
You visited 1 branch of the dungeon, and saw 3 of its levels.

You collected 127 gold pieces.

Inventory:

Hand Weapons
 f - a +0 short sword
 k - a +0 spear
 p - the +9 dagger "Jaurph" (weapon) {drain, rF++ rCorr}
   (You found it on level 3 of the Dungeon)

   A truly terrible weapon, it drains the life of any living foe it strikes.
   rF:        It greatly protects you from fire.
   rCorr:     It protects you from acid and corrosion.
Armour
 a - a +0 robe (worn)
 e - a +1 pair of gloves (worn)
 o - a +0 cloak (worn)
Scrolls
 d - a scroll of noise
 i - a scroll of amnesia {unknown}
 m - a scroll of fear {unknown}
 n - a scroll of magic mapping {unknown}
 q - a scroll of identify {unknown}
Potions
 b - a potion of magic
 h - a potion of heal wounds
 l - a potion of berserk rage {unknown}


   Skills:
 + Level 0.1 Fighting
 + Level 0.9 Throwing
 + Level 2.0 Dodging
 + Level 2.1 Stealth
 + Level 0.1 Unarmed Combat
 + Level 2.3 Spellcasting
 + Level 5.3 Necromancy


You had 6 spell levels left.
You knew the following spells:

 Your Spells              Type           Power      Damage    Failure   Level
a - Necrotise             Necr           84%        1d8       1%          1

Your spell library contained the following spells:

 Spells                   Type           Power      Damage    Failure   Level
 Vampiric Draining        Necr           21%        2d7       6%          3
 Animate Dead             Necr           21%        N/A       19%         4
 Agony                    Necr           21%        N/A       47%         5


Dungeon Overview and Level Annotations

Branches:
Dungeon (3/15)

Altars:
Okawaru
Uskayaw

Annotations:
D:3 Grinder, Ijyb


Innate Abilities, Weirdness & Mutations

You regenerate a little health from kills.
Armour fits poorly on your strangely shaped body.
You occasionally shout uncontrollably at your foes.
You are covered in fur. (AC +1)


Message History

It was a potion of degeneration.
There was something very wrong with that liquid.
You feel weakened.
You feel dopey.
You feel clumsy. The kobold hits you but does no damage.
A gnoll comes into view. It is wielding a +0 whip.
You hear a zap.
You hear a grinding noise.
Grinder hits you but does no damage.
It was a potion of heal wounds.
You feel much better. The kobold hits you but does no damage.
Grinder blinks!
You hit the kobold. You drain the kobold.
You kill the kobold!
You throw a silver javelin.
The silver javelin pierces through Grinder.
The silver sears Grinder!
Grinder is moderately wounded.
Nothing quivered!
Grinder is unaffected.
Grinder is unaffected.
A gnoll comes into view. It is wielding a +0 flail.
You hear a zap.
Some rock shatters into small pieces.
Ijyb and a gnoll come into view.
Ijyb is wielding a +0 club and carrying a wand of digging (6).
The gnoll shouts! x2
You hit Grinder.
Grinder is moderately wounded.
The gnoll barely misses you. Grinder completely misses you.
You closely miss Grinder.
Grinder is moderately wounded.
A gnoll comes into view. It is wielding a +0 halberd.
The gnoll hits you with a +0 whip. Grinder hits you!
You writhe in agony.
The gnoll attacks as you move away! The gnoll hits you with a +0 whip.
The orc priest shouts!
The orc priest mumbles some strange prayers to Beogh against you.
Beogh smites you!
* * * LOW HITPOINT WARNING * * *
Grinder gestures at you.
You suddenly lose the ability to move!
The gnoll hits you with a +0 whip.
You die...

#.........#..P.
#.........+..P
#..g.g....#..P.P
(.#.....g......P.P._.
......)g.+#....P.P...P
..........#.##.P.......
..#.......#.##.P.PPPPP.
........5.g...........
....#.....@.........#
....................#####
#..####.#...........)....
.. ...................
###.#..####.#.....#
###..#..........#
.o....##<......#
.####.o.####......#
...#.............#


You could see Grinder, Ijyb, an orc priest, an orc wizard and 4 gnolls.

Vanquished Creatures
  3 adders
  A worm (D:2)
  2 ball pythons
  6 endoplasms
  A giant cockroach (D:2)
  2 goblins (D:2)
  5 hobgoblins
  4 jackals (D:1)
  4 kobolds
  3 bats
  A frilled lizard (D:1)
  2 rats
34 creatures vanquished.

Vanquished Creatures (collateral kills)
  A kobold (D:3)
1 creature vanquished.

Grand Total: 35 creatures vanquished

Notes
Turn   | Place    | Note
-------+----------+-------------------------------------------
     0 | D:1      | tio the Demonspawn Necromancer began the quest for the Orb.
     0 | D:1      | Reached XP level 1. HP: 13/13 MP: 3/3
   163 | D:1      | Gained mutation: You regenerate a little health from kills.
                  | [demonic ancestry]
   163 | D:1      | Reached XP level 2. HP: 19/19 MP: 0/5
   432 | D:1      | You fall into a shaft and drop 1 floor!
   518 | D:2      | Found a hide-covered altar of Uskayaw.
   635 | D:2      | Reached skill level 5 in Necromancy
   646 | D:2      | Reached XP level 3. HP: 24/24 MP: 6/6
  1171 | D:3      | Identified the +9 dagger "Jaurph" {drain, rF++ rCorr}
  1348 | D:3      | Reached XP level 4. HP: 30/30 MP: 5/7
  1392 | D:3      | Found an iron altar of Okawaru.
  1397 | D:3      | Noticed Grinder
  1407 | D:3      | Gained mutation: Armour fits poorly on your strangely
                  | shaped body. [potion of mutation]
  1407 | D:3      | Gained mutation: You occasionally shout uncontrollably at
                  | your foes. [potion of mutation]
  1407 | D:3      | Gained mutation: You are covered in fur. (AC +1) [potion of
                  | mutation]
  1414 | D:3      | Noticed Ijyb
  1418 | D:3      | Paralysed by Grinder for 5 turns
  1419 | D:3      | Slain by a gnoll

Illustrated notes

Levels and vault maps discovered:
D:1:      minmay_arrival_wavy_path, layout_basic
D:2:      layout_loops_ring, basic_altar
D:3:      cheibrodos_pilgrimage, layout_basic,
          mainiacjoe_overflow_cross_hatched, minitemple,
          hellmonk_ecumenical_altar_heavens_door, serial_shops,
          nicolae_shop_crystal, uniq_natasha, uniq_grinder, uniq_ijyb

Skill      XL: |  1  2  3 |
---------------+----------+-----
Dodging        | 2 |  2.0
Necromancy     | 5 |  5.3
Stealth        | 2 |  2.1
Fighting       | |  0.1
Throwing       | |  0.9
Unarmed Combat | |  0.1
Spellcasting   | |  2.3

Action                   |  1- 3 |  4- 6 || total
-------------------------+-------+-------++-------
Melee: Unarmed           |    35 |       ||    35
       Short sword       |     1 |       ||     1
       Punch             |     1 |       ||     1
       Spear             |     2 |       ||     2
       Dagger            |     1 |     3 ||     4
Throw: Javelin           |    25 |     5 ||    30
 Cast: Necrotise         |    33 |     4 ||    37
  Use: Potion            |     1 |     3 ||     4
       Scroll            |       |     1 ||     1
 Stab: Distracted        |     2 |       ||     2
Armor: Robe              |    15 |     5 ||    20
Dodge: Dodged            |    45 |     5 ||    50

Table legend: (Time is in decaauts)
 A = Elapsed time spent in this place.
 B = Non-inter-level travel time spent in this place.
 C = Inter-level travel time spent in this place.
 D = Time resting spent in this place.
 E = Time spent auto-exploring this place.
 F = Levels seen in this place.
 G = Mean time per level.
                   A        B        C        D        E       F      G
               +--------+--------+--------+--------+--------+-----+--------+
         Total |   1431 |   1264 |    167 |      0 |   1000 |   3 |  477.0 |
       Dungeon |   1431 |   1264 |    167 |      0 |   1000 |   3 |  477.0 |
               +--------+--------+--------+--------+--------+-----+--------+

Top non-repeatable levels by time:
     D:2: 730 daAuts
     D:1: 435 daAuts
     D:3: 265 daAuts
